 Dungeon Crawl Stone Soup version 0.31-a0-1178-gc5c9b8f871 (webtiles) character file.

Game seed: 3228755266726312081

7313 Inarius the Cleaver (level 10, -10/79 HPs)
             Began as a Mummy Fighter on Dec 11, 2023.
             Was an Elder of Makhleb.
             Mangled by a tentacled starspawn (21 damage)
             ... on level 1 of the Abyss.
             The game lasted 00:17:21 (9796 turns).

Inarius the Cleaver (Mummy Fighter)                 Turns: 9796, Time: 00:17:21

Health: -10/79     AC: 16    Str: 27    XL:     10   Next: 90%
Magic:  14/14      EV:  7    Int: 10    God:    Makhleb [****..]
Gold:   697        SH:  5    Dex: 18    Spells: 9/9 levels left

rFire   x . .        l - +4 war axe (elec)
rCold   + + .        c - +0 buckler
rNeg    + + +        i - +0 plate armour
rPois   ∞            B - +2 hat {Int+3}
rElec   +            m - +0 cloak
rCorr   .            (no gloves)
SInv    .            y - +0 pair of boots
Will    +....        (no amulet) Stlth
                     n - ring "Nynian" {rElec Str+3 Dex+6}
HPRegen 0.33/turn    s - ring of protection from cold
MPRegen 0.14/turn

%: faith
@: about to teleport
A: cold resistance 1, negative energy resistance 3, torment resistance 2, heat
vulnerability 1, in touch with death 1, no potions, faith
a: Renounce Religion, Minor Destruction, Lesser Servant of Makhleb, Major
Destruction


You were on level 1 of the Abyss.
You worshipped Makhleb.
Makhleb was greatly pleased with you.
You visited 2 branches of the dungeon, and saw 11 of its levels.
You visited the Abyss 1 time.

You collected 697 gold pieces.

Inventory:

Hand Weapons
 k - a +2 whip of venom
 l - a +4 war axe of electrocution (weapon)
Missiles
 e - 8 boomerangs (quivered)
 p - a throwing net
Armour
 c - a +0 buckler (worn)
 i - a +0 plate armour (worn)
 m - a +0 cloak (worn)
 u - the +3 leather armour "Heim" {+Blink Dex+3}
   (You found it on level 6 of the Dungeon)

   Dex+3:     It affects your dexterity (+3).
   +Blink:    It lets you blink.
 y - a +0 pair of boots (worn)
 B - a +2 hat of intelligence (worn)
Jewellery
 a - a ring of ice
 n - the ring "Nynian" (left hand) {rElec Str+3 Dex+6}
   (You found it on level 4 of the Dungeon)

   [ring of dexterity]

   Str+3:     It affects your strength (+3).
   Dex+6:     It affects your dexterity (+6).
   rElec:     It insulates you from electricity.
 s - a ring of protection from cold (right hand)
 v - a ring of flight
Wands
 t - a wand of charming (6)
 w - a wand of iceblast (10)
Scrolls
 b - 2 scrolls of brand weapon
 d - 2 scrolls of enchant weapon
 f - 2 scrolls of immolation
 g - a scroll of blinking
 h - 4 scrolls of teleportation
 j - a scroll of revelation
 o - 2 scrolls of amnesia
 q - a scroll of enchant armour
 r - a scroll of torment
 x - a scroll of poison
 A - a scroll of identify


   Skills:
 + Level 7.1 Fighting
 * Level 10.2 Axes
 - Level 2.0 Throwing
 + Level 5.2 Armour
 + Level 0.8 Dodging
 - Level 0.1 Stealth
 + Level 3.8 Shields
 * Level 5.9 Invocations
 + Level 0.7 Evocations


You had 9 spell levels left.
You didn't know any spells.
Your spell library contained the following spells:

 Spells                   Type           Power      Damage    Failure   Level
 Necrotise                Necr           0%         1d4       99%         1
 Ozocubu's Armour         Ice            0%         N/A       100%        3
 Vampiric Draining        Necr           0%         2d6       100%        3
 Agony                    Necr           0%         N/A       100%        5
 Metabolic Englaciation   Hex/Ice        0%         N/A       100%        5
 Simulacrum               Ice/Necr       0%         N/A       100%        6
 Summon Hydra             Summ           0%         N/A       100%        7
 Sublimation of Blood     Necr           Unusable   N/A       N/A         2
 Wereblood                Tmut           Unusable   N/A       N/A         2

Dungeon Overview and Level Annotations

Branches:
Dungeon (10/15)            Temple (1/1) D:4
   Lair: D:8-11         Orc: D:9-12

Altars:
Ashenzari
Dithmenos
Fedhas
Gozag
Hepliaklqana
Kikubaaqudgha
Makhleb
Nemelex Xobeh
Okawaru
Ru
Sif Muna
Trog
Uskayaw
Vehumet
Wu Jian
Xom
Yredelemnul

Shops:
D:6 [   D:8 *

Annotations:
D:3 Pikel
D:4 Duvessa
D:6 1 runed translucent door, nago's ghost, novice DjDe
D:10 Erolcha; Urug


Innate Abilities, Weirdness & Mutations

You are immune to poison.
Your flesh is cold resistant. (rC+)
You are immune to negative energy. (rN+++)
You are immune to unholy pain and torment.
You are vulnerable to heat. (rF-)
You are in touch with the powers of death.
You do not drink.
You have a special connection with the divine. (Faith)


Message History

As you read the scroll of teleportation, it crumbles to dust.
You feel strangely unstable.
You feel the power of the Abyss delaying your translocation!
The starspawn tentacle completely misses you.
A starspawn tentacle comes into view.
The starspawn tentacle grabs you. The starspawn tentacle constricts you.
You escape the starspawn tentacle's grasp.
The starspawn tentacle grabs you. The starspawn tentacle constricts you.
You escape the starspawn tentacle's grasp.
You hit the tentacled starspawn.
The tentacled starspawn is lightly damaged.
The tentacled starspawn bites you!!
The tentacled starspawn tentacle-slaps you but does no damage.
You hit the tentacled starspawn.
The tentacled starspawn is lightly damaged.
The tentacled starspawn bites you but does no damage.
You block the tentacled starspawn's attack.
You hit the tentacled starspawn.
Lightning courses through the tentacled starspawn!
The tentacled starspawn is moderately damaged.
You hit the starspawn tentacle. The starspawn tentacle grabs you.
The starspawn tentacle constricts you.
A tentacle flies out from the starspawn's body!
A starspawn tentacle comes into view.
You hit the tentacled starspawn.
Lightning courses through the tentacled starspawn!
The starspawn tentacle loses its grip on you.
The tentacled starspawn is heavily damaged.
You slash the starspawn tentacle! The starspawn tentacle grabs you.
The starspawn tentacle constricts you. The tentacled starspawn bites you!!
* * * LOW HITPOINT WARNING * * *
The tentacled starspawn tentacle-slaps you!
* * * LOW HITPOINT WARNING * * *
You barely miss the tentacled starspawn.
The starspawn tentacle loses its grip on you.
The tentacled starspawn is heavily damaged.
You slash the starspawn tentacle!
The starspawn tentacle barely misses you.
The tentacled starspawn bites you!!
You die...

. # . #.. ... .
#....#. .#
......##. ##
..... #. .##
#...#...# .# #
#......#w##
#..# ..#..§.
.#Xw# ##.# . #
..#..###@# # .
# #X ##.#####
.## #..
#.#...#...#.#.#
.### . ##.
...... ##.#. .
....
#E....#...## ..
.# #..... #.
######... .#.
..... ..#.#
.....##.. # ##
.#..# ##.##.#
..#..#. . # ..
## ..#.# #. ##.
##


You could see a tentacled starspawn and 2 starspawn tentacles.

Vanquished Creatures
  Gastronok (D:10)
  Maurice (D:8)
  Joseph (D:7)
  An unseen horror (D:8)
  A troll (D:9)
  Grinder (D:5)
  Sigmund (D:6)
  A ynoxinul (Abyss:1)
  A naga simulacrum (Abyss:1)
  A wraith (D:9)
  A basilisk (D:9)
  4 yaks (D:9)
  A steam dragon (D:8)
  A black bear (D:7)
  2 orc warriors
  A sky beast (D:6)
  4 ogres (D:5)
  4 lemures
  2 phantoms
  3 kobold brigands
  2 bullfrogs
  A scorpion (D:7)
  Dowan (D:4)
  4 wights (D:7)
  17 killer bees
  4 howler monkeys
  3 gnoll boudas
  5 hounds
  A jelly (D:6)
  3 orc priests (D:7)
  3 iguanas
  9 orc wizards
  15 gnolls
  5 adders
  A shadow imp (D:7)
  6 ufetubi
  3 worms
  2 dart slugs (D:5)
  33 orcs
  7 ball pythons
  A bat zombie (D:8)
  11 endoplasms
  4 giant cockroaches
  7 goblins
  15 hobgoblins
  2 jackals (D:2)
  6 quokkas
  3 bats
  6 frilled lizards
  21 kobolds
  7 rats
  4 rat zombies (D:8)
245 creatures vanquished.

Vanquished Creatures (collateral kills)
  An iguana (D:7)
1 creature vanquished.

Vanquished Creatures (others)
  A starspawn tentacle (Abyss:1)
1 creature vanquished.

Grand Total: 247 creatures vanquished

Notes
Turn   | Place    | Note
-------+----------+-------------------------------------------
     0 | D:1      | Inarius the Mummy Fighter began the quest for the Orb.
     0 | D:1      | Reached XP level 1. HP: 18/18 MP: 1/1
   254 | D:1      | Reached XP level 2. HP: 23/24 MP: 2/2
  1008 | D:2      | Reached XP level 3. HP: 29/29 MP: 3/3
  1215 | D:2      | Reached skill level 2 in Axes
  1231 | D:2      | Identified the +5 dagger of the Postmodern Mystics {drain,
                  | Fly rF- Will- Str+8}
  1780 | D:3      | Reached XP level 4. HP: 32/36 MP: 4/4
  2234 | D:3      | You fall into a shaft and drop 1 floor!
  2444 | D:4      | Found a staircase to the Ecumenical Temple.
  2510 | Temple   | Entered the Ecumenical Temple
  2526 | Temple   | Became a worshipper of Makhleb the Destroyer
  2622 | D:4      | Noticed a phantom
  2639 | D:4      | Killed a phantom
  2640 | D:4      | Reached skill level 3 in Axes
  2640 | D:4      | Reached XP level 5. HP: 42/42 MP: 5/5
  2670 | D:4      | Noticed Dowan
  2670 | D:4      | Noticed Duvessa
  2799 | D:4      | Noticed Pikel
  2799 | D:4      | Noticed a lemure
  2799 | D:4      | Noticed a lemure
  2799 | D:4      | Noticed a lemure
  2800 | D:4      | Noticed a lemure
  2830 | D:2      | Killed a lemure
  3156 | D:4      | Identified the ring "Nynian" {rElec Str+3 Dex+6}
  3274 | D:4      | Killed a lemure
  3500 | D:4      | Reached XP level 6. HP: 40/48 MP: 6/6
  3508 | D:4      | Reached * piety under Makhleb
  3685 | D:4      | Reached skill level 4 in Axes
  3851 | D:4      | Killed Dowan
  4006 | D:5      | Entered Level 5 of the Dungeon
  4182 | D:5      | Reached XP level 7. HP: 3/55 MP: 7/7
  4392 | D:5      | Reached skill level 5 in Axes
  4392 | D:5      | Reached skill level 1 in Throwing
  4487 | D:5      | Identified the +0 ring mail "Coffy" {rF- rC+++ rN+++
                  | Stlth-}
  4596 | D:5      | Reached skill level 1 in Invocations
  4749 | D:5      | Noticed Grinder
  4755 | D:5      | Killed Grinder
  4756 | D:5      | Reached skill level 5 in Fighting
  4756 | D:5      | Reached XP level 8. HP: 62/62 MP: 7/9
  4847 | D:6      | Reached skill level 6 in Axes
  4873 | D:6      | Reached ** piety under Makhleb
  5141 | D:6      | Found a runed translucent door.
  5142 | D:6      | Noticed a manticore
  5143 | D:6      | Noticed nago's ghost (novice DjDe)
  5341 | D:6      | Found Muigo's Antique Armour Shoppe.
  5481 | D:6      | Identified the +3 leather armour "Heim" {+Blink Dex+3}
  5764 | D:6      | Noticed Sigmund
  5768 | D:6      | Reached skill level 7 in Axes
  5772 | D:6      | Killed Sigmund
  6010 | D:7      | Reached XP level 9. HP: 67/68 MP: 11/11
  6020 | D:7      | Noticed a moth of wrath
  6023 | D:7      | Found a bloodstained altar of Trog.
  6076 | D:7      | Reached *** piety under Makhleb
  6175 | D:7      | Noticed Joseph
  6213 | D:7      | Killed Joseph
  6470 | D:7      | Reached skill level 8 in Axes
  7208 | D:8      | Found Tairevaj's Elemental Accessories.
  7561 | D:8      | Noticed Maurice
  7798 | D:8      | Reached **** piety under Makhleb
  7819 | D:8      | Reached skill level 9 in Axes
  8346 | D:8      | Killed an unseen horror
  8462 | D:8      | Found a hazy altar of Hepliaklqana.
  8483 | D:8      | Reached XP level 10. HP: 76/76 MP: 13/13
  8522 | D:8      | Found an ancient bone altar of Kikubaaqudgha.
  8583 | D:8      | Killed Maurice
  8897 | D:9      | Reached skill level 5 in Invocations
  9438 | D:10     | Entered Level 10 of the Dungeon
  9438 | D:10     | Noticed Urug
  9488 | D:10     | Noticed Gastronok
  9502 | D:10     | Killed Gastronok
  9503 | D:10     | Reached skill level 10 in Axes
  9503 | D:10     | Reached skill level 5 in Armour
  9681 | D:10     | Noticed Erolcha
  9682 | Abyss:1  | Cast into level 1 of the Abyss (Erolcha)
  9696 | Abyss:1  | Found a corrupted altar of Lugonu.
  9784 | Abyss:1  | Noticed a large abomination
  9784 | Abyss:1  | Noticed a tentacled starspawn
  9796 | Abyss:1  | Mangled by a tentacled starspawn

Illustrated notes

Levels and vault maps discovered:
D:1:      evilmike_arrival_plus, layout_basic
D:2:      layout_loops_ring, hangedman_decor_push
D:3:      layout_basic, hangedman_feature_mirror, minmay_quadrilaterals
D:4:      layout_loops_corners, minmay_temple_entry_enclosed_plants,
          nicolae_hexahallways, nicolae_nh_ransacked_shop, uniq_duvessa,
          uniq_pikel
D:5:      layout_basic, mainiacjoe_overflow_chevrons, dreamdust_wishing_well,
          uniq_grinder
D:6:      layout_cave_pods, ebering_ghost_inner_flame, serial_shops,
          nicolae_shop_stone, uniq_sigmund
D:7:      hellmonk_destroyed_diamonds, layout_basic, tgw_trog, uniq_joseph
D:8:      layout_basic, lemuel_zombie_altar_kikubaaqudgha,
          nzn_hepliaklqana_mist_gate, nicolae_elemental_shop, uniq_maurice
D:9:      layout_basic
D:10:     layout_basic, mainiacjoe_overflow_alcove_2, slow_altar_1,
          lair_entry_dummy, erik_orc_3, abandoned_shop, uniq_erolcha,
          uniq_gastronok, uniq_urug
Temple:   eino_temple_rhombus
Abyss:1:  base: D:6, evilmike_abyss_exit_mutagenic

Skill      XL: |  1  2  3  4  5  6  7  8  9 10 |
---------------+-------------------------------+-----
Axes           | 2 3 4 5 7 9 10 | 10.2
Armour         | 3 4 5 |  5.2
Fighting       | 4 5 6 7 |  7.1
Throwing       | 1 2 |  2.0
Invocations    | 1 3 4 5 |  5.9
Shields        | 3 |  3.8
Dodging        | |  0.8
Stealth        | |  0.1
Evocations     | |  0.7

Action                     |  1- 3 |  4- 6 |  7- 9 | 10-12 || total
---------------------------+-------+-------+-------+-------++-------
  Melee: War axe           |   121 |   142 |   279 |    93 ||   635
         Whip              |    12 |     6 |       |       ||    18
  Throw: Boomerang         |       |    23 |    64 |     1 ||    88
 Invoke: Minor Destruction |       |       |     3 |       ||     3
         Lesser Servant of |       |       |     1 |       ||     1
  Evoke: Wand              |       |     2 |     3 |    11 ||    16
    Use: Scroll            |       |       |     7 |     6 ||    13
 Armour: Scale mail        |    36 |       |       |       ||    36
         Plate armour      |    74 |   132 |   265 |    92 ||   563
  Dodge: Dodged            |    39 |    41 |    69 |    32 ||   181
  Block: Buckler           |    27 |    28 |    84 |    31 ||   170

Table legend: (Time is in decaauts)
 A = Elapsed time spent in this place.
 B = Non-inter-level travel time spent in this place.
 C = Inter-level travel time spent in this place.
 D = Time resting spent in this place.
 E = Time spent auto-exploring this place.
 F = Levels seen in this place.
 G = Mean time per level.
                   A        B        C        D        E       F      G
               +--------+--------+--------+--------+--------+-----+--------+
         Total |   9982 |   9398 |    584 |   2021 |   5157 |  12 |  831.8 |
       Dungeon |   9835 |   9281 |    554 |   2021 |   5157 |  10 |  983.5 |
        Temple |     32 |      2 |     30 |      0 |      0 |   1 |   32.0 |
         Abyss |    114 |    114 |      0 |      0 |      0 |   1 |  114.0 |
               +--------+--------+--------+--------+--------+-----+--------+

Top non-repeatable levels by time:
     D:7: 1848 daAuts
     D:4: 1457 daAuts
     D:6: 1199 daAuts
     D:2: 954 daAuts
     D:8: 913 daAuts
     D:3: 886 daAuts
     D:5: 816 daAuts
     D:1: 785 daAuts
     D:9: 767 daAuts
    D:10: 205 daAuts
 Abyss:1: 114 daAuts
  Temple: 32 daAuts
